12 | 0:00 | SCV | |
13 | 0:13 | SCV | |
14 | 0:18 | Supply Depot | |
14 | 0:25 | SCV | |
15 | 0:39 | Refinery | |
15 | 0:40 | SCV | |
15 | 0:42 | Barracks | |
16 | 0:52 | SCV | |
16 | 0:54 | Barracks | |
17 | 1:04 | SCV | |
18 | 1:16 | SCV | |
19 | 1:26 | Barracks | |
19 | 1:31 | Marine, Orbital Command | |
20 | 1:40 | Supply Depot | |
20 | 1:41 | Marine | |
21 | 1:49 | Marine | |
22 | 1:56 | SCV | |
22 | 1:59 | Barracks Tech Lab | |
23 | 2:07 | Barracks Tech Lab | |
23 | 2:09 | SCV | |
23 | 2:11 | Supply Depot | |
23 | 2:12 | Marine | |
25 | 2:17 | Marine, Concussive Shells | |
25 | 2:21 | SCV | |
27 | 2:25 | Marine, Stimpack | |
28 | 2:30 | Marine | |
28 | 2:34 | Supply Depot, Marine | |
30 | 2:42 | SCV | |
30 | 2:44 | Marauder | |
33 | 2:47 | Supply Depot | |
33 | 2:48 | Marine | |
34 | 2:52 | Marine | |
35 | 2:58 | SCV | |
35 | 2:59 | Combat Shield | |
35 | 3:04 | Marine | |
37 | 3:05 | Marine | |
37 | 3:10 | Refinery | |
37 | 3:11 | Marauder | |
40 | 3:14 | SCV, Supply Depot | |
41 | 3:23 | Marine, Marauder | |
44 | 3:32 | Marauder | |
46 | 3:36 | SCV | |
46 | 3:40 | Factory | |
46 | 3:41 | Engineering Bay, Marine | |
47 | 3:43 | Command Center | |
47 | 3:44 | Marine | |
49 | 3:53 | Marine | |
50 | 3:59 | Marine | |
50 | 4:00 | Engineering Bay | |
50 | 4:01 | Marine | |
52 | 4:06 | Terran Infantry Armor Level 1 | |
52 | 4:10 | Barracks | |
52 | 4:11 | Marauder | |
51 | 4:17 | Barracks Reactor | |
51 | 4:20 | Marauder | |
53 | 4:26 | Terran Infantry Weapons Level 1 | |
53 | 4:28 | Factory Tech Lab | |
53 | 4:31 | Supply Depot | |
53 | 4:32 | Marine | |
53 | 4:37 | Missile Turret | |
52 | 4:40 | Starport | |
52 | 4:41 | Marauder | |
53 | 4:50 | Siege Tank, Marine | |
47 | 4:52 | Marine | |
47 | 4:53 | Marine | |
47 | 4:54 | SCV | |
47 | 4:55 | SCV | |
47 | 4:56 | Marine | |
52 | 5:02 | Marine | |
52 | 5:05 | Refinery | |
52 | 5:07 | SCV x2 | |
54 | 5:08 | Marauder | |
57 | 5:19 | SCV x2, Starport Reactor | |
57 | 5:20 | Marauder | |
61 | 5:25 | Refinery | |
61 | 5:30 | Marine, Marauder | |
61 | 5:31 | SCV | |
61 | 5:32 | SCV | |
66 | 5:36 | Command Center | |
66 | 5:43 | SCV | |
66 | 5:46 | SCV | |
66 | 5:49 | Marine | |
69 | 5:51 | Marauder | |
69 | 5:55 | Supply Depot, SCV, Viking x2 | |
76 | 5:58 | SCV | |
77 | 6:07 | SCV, Siege Tank, Marauder | |
83 | 6:15 | Orbital Command | |
83 | 6:19 | SCV | |
83 | 6:20 | Supply Depot | |
82 | 6:25 | Viking x2, Armory | |
82 | 6:31 | SCV | |
87 | 6:33 | Missile Turret | |
87 | 6:39 | Siege Tank | |
90 | 6:42 | Supply Depot | |
90 | 6:43 | SCV | |
90 | 6:44 | SCV | |
92 | 6:49 | SCV | |
93 | 6:55 | SCV, Viking, Liberator | |
93 | 6:57 | SCV | |
93 | 7:01 | SCV | |
98 | 7:08 | SCV | |
99 | 7:13 | SCV x2, Terran Infantry Weapons Level 2 | |
101 | 7:17 | Supply Depot | |
101 | 7:20 | SCV | |
102 | 7:25 | Siege Tank, SCV, Liberator | |
102 | 7:26 | SCV | |
110 | 7:31 | Missile Turret | |
110 | 7:32 | SCV | |
111 | 7:37 | SCV, Missile Turret | |
111 | 7:38 | SCV, Liberator | |
111 | 7:40 | Missile Turret | |
111 | 7:42 | Supply Depot | |
117 | 7:44 | SCV | |
117 | 7:45 | Marine | |
117 | 7:46 | Marine | |
117 | 7:49 | SCV, Marauder | |
122 | 7:52 | Command Center | |
122 | 7:58 | SCV | |
119 | 7:59 | SCV | |
119 | 8:01 | SCV | |
119 | 8:03 | Marauder | |
116 | 8:06 | Marine | |
116 | 8:07 | Supply Depot | |
116 | 8:08 | Marine x2, Viking | |
116 | 8:10 | SCV, Marauder | |
99 | 8:13 | SCV | |
99 | 8:14 | SCV | |
99 | 8:16 | Siege Tank | |
96 | 8:21 | Medivac | |
96 | 8:22 | SCV | |
96 | 8:24 | Marine | |
96 | 8:25 | SCV, Missile Turret | |
96 | 8:26 | SCV, Marine x2 | |
104 | 8:27 | Marine | |
104 | 8:32 | Marauder | |
107 | 8:34 | SCV | |
107 | 8:37 | SCV, Terran Infantry Armor Level 2 | |
107 | 8:38 | SCV, Viking | |
112 | 8:42 | Marine | |
112 | 8:43 | Marine | |
112 | 8:45 | Marine | |
112 | 8:46 | SCV | |
112 | 8:48 | Refinery | |
116 | 8:49 | Widow Mine | |
116 | 8:50 | SCV, Marine | |
116 | 8:51 | Liberator | |
116 | 8:53 | SCV, Supply Depot, Marauder | |
126 | 8:58 | SCV | |
126 | 9:00 | Marauder | |
126 | 9:01 | Refinery, Marine | |
130 | 9:03 | Orbital Command | |
130 | 9:04 | SCV | |
130 | 9:08 | Liberator | |
134 | 9:10 | Widow Mine | |
134 | 9:11 | Marine x2 | |
134 | 9:14 | Marauder | |
134 | 9:16 | Missile Turret | |
140 | 9:17 | Refinery | |
140 | 9:20 | Supply Depot | |
140 | 9:22 | Missile Turret, Marauder | |
142 | 9:31 | Terran Infantry Weapons Level 3, Refinery, Siege Tank, Planetary Fortress | |
142 | 9:33 | Terran Vehicle Weapons Level 1, Missile Turret | |
142 | 9:34 | Medivac | |
142 | 9:35 | Missile Turret | |
142 | 9:36 | Marauder | |
142 | 9:37 | Missile Turret | |
149 | 9:40 | Factory | |
149 | 9:43 | Marauder, Armory | |
151 | 9:45 | Supply Depot | |
151 | 9:46 | Command Center | |
151 | 9:51 | Liberator | |
154 | 9:58 | Missile Turret | |
154 | 10:04 | Widow Mine, Viking | |
158 | 10:11 | Supply Depot | |
158 | 10:12 | Marauder | |
160 | 10:16 | Barracks | |
160 | 10:18 | Marauder | |
160 | 10:20 | Fusion Core | |
162 | 10:23 | Missile Turret | |
162 | 10:27 | Widow Mine | |
164 | 10:29 | Marine x3 | |
164 | 10:33 | Viking | |
164 | 10:34 | Liberator, Marauder | |
162 | 10:36 | Supply Depot | |
162 | 10:38 | Marine | |
162 | 10:39 | Starport | |
162 | 10:40 | Factory Tech Lab | |
146 | 10:46 | Marine | |
146 | 10:47 | Marine x2 | |
146 | 10:48 | Siege Tank | |
131 | 10:55 | Marine | |
131 | 10:56 | Marine | |
128 | 10:58 | Cyclone | |
128 | 11:01 | Refinery, Planetary Fortress | |
128 | 11:03 | Marine, Liberator | |
130 | 11:04 | Marine x2 | |
130 | 11:07 | Marine | |
133 | 11:12 | Marine | |
133 | 11:14 | Missile Turret | |
133 | 11:15 | Marauder | |
133 | 11:16 | Viking x2 | |
140 | 11:19 | Ghost Academy, Command Center | |
140 | 11:20 | Cyclone, Marine | |
140 | 11:21 | Missile Turret | |
140 | 11:22 | Marine | |
140 | 11:23 | Marine | |
140 | 11:25 | Marine, Missile Turret | |
146 | 11:30 | Siege Tank, Marine | |
150 | 11:36 | Marauder | |
152 | 11:40 | Barracks Tech Lab, Marine | |
152 | 11:41 | Marine | |
152 | 11:42 | Marine | |
152 | 11:46 | Viking, Starport Tech Lab, Liberator | |
160 | 11:48 | Marine | |
160 | 11:52 | Cyclone | |
163 | 11:57 | Ghost, Marauder | |
163 | 11:58 | Marine | |
168 | 12:01 | Marine x2 | |
168 | 12:03 | Widow Mine | |
168 | 12:04 | Liberator | |
168 | 12:06 | Marauder | |
177 | 12:16 | Liberator | |
177 | 12:18 | Ghost | |
182 | 12:24 | Cyclone, Siege Tank | |
182 | 12:27 | Marauder | |
182 | 12:29 | Viking | |
191 | 12:41 | Refinery, Planetary Fortress | |
191 | 12:42 | Command Center | |
191 | 12:43 | Missile Turret | |
191 | 12:46 | Hi-Sec Auto Tracking, Neosteel Armor | |
191 | 12:47 | Raven | |
193 | 12:55 | Personal Cloaking, Missile Turret | |
193 | 12:58 | Terran Vehicle And Ship Armor Level 1 | |
193 | 12:59 | Terran Vehicle Weapons Level 2, Viking, Liberator | |
193 | 13:00 | Missile Turret | |
193 | 13:01 | Advanced Ballistics | |
193 | 13:02 | Refinery | |
198 | 13:21 | Medivac | |
200 | 13:37 | Viking | |
200 | 13:38 | Siege Tank, Marauder | |
200 | 13:39 | Siege Tank | |
200 | 13:40 | Marauder | |
183 | 13:42 | Viking | |
183 | 13:43 | Terran Infantry Armor Level 3, Marauder | |
183 | 13:45 | Marine | |
183 | 13:46 | Marine x2 | |
164 | 13:51 | Liberator | |
140 | 13:56 | Planetary Fortress | |
140 | 13:57 | Refinery | |
140 | 13:58 | Marine | |
140 | 14:01 | Marine | |
123 | 14:03 | Marine x2 | |
123 | 14:04 | Marine x2 | |
123 | 14:07 | Missile Turret, Liberator | |
130 | 14:11 | Siege Tank, Widow Mine | |
130 | 14:12 | Viking | |
130 | 14:15 | Missile Turret | |
139 | 14:17 | Marauder | |
139 | 14:18 | Ghost | |
139 | 14:21 | Ghost, Marine x3 | |
146 | 14:24 | Missile Turret | |
146 | 14:26 | Missile Turret | |
146 | 14:32 | Siege Tank | |
146 | 14:34 | Viking | |
146 | 14:37 | Ghost | |
153 | 14:39 | Marine | |
153 | 14:40 | Marine | |
153 | 14:41 | Marine | |
153 | 14:42 | Medivac | |
153 | 14:43 | Cyclone | |
160 | 14:47 | Marauder | |
160 | 14:50 | Ghost, Viking | |
160 | 14:52 | Nuke | |
166 | 14:57 | Marine | |
166 | 14:58 | Marine | |
166 | 14:59 | Marine | |
169 | 15:03 | Viking | |
169 | 15:04 | Widow Mine | |
169 | 15:07 | Marauder | |
175 | 15:08 | Marine | |
175 | 15:12 | Liberator | |
179 | 15:14 | Marine | |
179 | 15:15 | Siege Tank | |
179 | 15:19 | Liberator, Marauder | |
188 | 15:25 | Siege Tank | |
191 | 15:33 | Medivac | |
193 | 15:36 | Terran Vehicle And Ship Armor Level 2 | |
193 | 15:43 | Terran Vehicle Weapons Level 3 | |
193 | 15:48 | Widow Mine | |
195 | 15:57 | Cyclone | |
195 | 16:04 | Raven | |
199 | 16:05 | Nuke | |
199 | 16:07 | Missile Turret | |
199 | 16:09 | Siege Tank | |
198 | 16:11 | SCV | |
198 | 16:12 | SCV | |
198 | 16:13 | SCV x2 | |
198 | 16:14 | SCV x2, Marauder | |
198 | 16:17 | Marauder x2 | |
198 | 16:18 | Marine, Liberator x2 | |
180 | 16:20 | Marine x2 | |
162 | 16:29 | Siege Tank | |
146 | 16:36 | Marine, Marauder | |
146 | 16:37 | Marine, Liberator | |
146 | 16:38 | Marine x2, Marauder | |
148 | 16:41 | Siege Tank | |
143 | 16:53 | Marine | |
144 | 16:55 | SCV, Command Center | |
144 | 16:56 | Ghost, Marine, Marauder | |
144 | 16:58 | Marine | |
144 | 17:00 | Liberator, Marauder | |
144 | 17:01 | Siege Tank, Viking | |
160 | 17:11 | Marine | |
160 | 17:13 | Siege Tank | |
160 | 17:14 | Marine | |
165 | 17:16 | Ghost, Marine | |
165 | 17:20 | Liberator | |
165 | 17:21 | Marauder | |
172 | 17:23 | SCV | |
172 | 17:25 | Marine | |
172 | 17:29 | Marine | |
166 | 17:31 | Liberator | |
166 | 17:34 | Cyclone | |
169 | 17:42 | Marauder | |
169 | 17:43 | Viking | |
173 | 17:45 | Refinery, Siege Tank | |
173 | 17:52 | Marauder | |
173 | 17:54 | SCV, Marauder | |
173 | 17:55 | SCV | |
173 | 18:00 | Factory | |
173 | 18:02 | Missile Turret | |
173 | 18:03 | Medivac | |
173 | 18:04 | Marauder | |
166 | 18:06 | Hellion | |
166 | 18:08 | Nuke | |
166 | 18:09 | Marine | |
166 | 18:10 | Marine | |
166 | 18:11 | Marine | |
167 | 18:13 | Viking | |
167 | 18:14 | Liberator, Marauder | |
167 | 18:15 | Marauder | |
167 | 18:18 | Hellion | |
178 | 18:24 | Marine, Command Center | |
178 | 18:25 | Planetary Fortress | |
179 | 18:27 | Siege Tank | |
179 | 18:33 | Viking | |
182 | 18:37 | SCV x3 | |
182 | 18:39 | Widow Mine | |
177 | 18:43 | Liberator | |
177 | 18:45 | Hellion, Marauder | |
177 | 18:46 | SCV x2 | |
177 | 18:48 | Factory | |
177 | 18:49 | SCV | |
177 | 18:51 | SCV | |
177 | 18:52 | SCV | |
177 | 18:53 | Marauder | |
177 | 18:55 | Marauder | |
181 | 18:56 | Marine, Liberator | |
181 | 18:58 | SCV | |
181 | 18:59 | Siege Tank | |
181 | 19:00 | Hellion | |
181 | 19:01 | SCV x2 | |
181 | 19:02 | SCV | |
185 | 19:03 | Medivac | |
185 | 19:04 | Refinery | |
185 | 19:05 | Marine | |
185 | 19:06 | Cyclone, Marauder | |
185 | 19:09 | Marine | |
184 | 19:10 | Missile Turret | |
184 | 19:15 | Marauder | |
184 | 19:17 | Marauder | |
181 | 19:18 | Missile Turret | |
181 | 19:22 | Hellion | |
183 | 19:26 | Liberator | |
183 | 19:27 | Marauder | |
188 | 19:31 | Factory Tech Lab | |
188 | 19:32 | Infernal Pre-Igniter | |
188 | 19:33 | Terran Vehicle And Ship Armor Level 3, Liberator | |
188 | 19:36 | Planetary Fortress, Marauder | |
193 | 19:39 | Medivac | |
194 | 20:04 | SCV | |
195 | 20:07 | Marauder x2 | |
195 | 20:09 | Medivac, Liberator, Marauder | |
195 | 20:10 | Marine x2 | |
195 | 20:11 | Hellion, Marine | |
195 | 20:12 | Hellion | |
177 | 20:15 | Hellion x2 | |
177 | 20:16 | Medivac | |
165 | 20:28 | Marine x2, Marauder x2 | |
164 | 20:30 | Marauder | |
164 | 20:31 | Marine | |
164 | 20:33 | Cyclone, Hellion | |
169 | 20:36 | Thor | |
169 | 20:37 | Widow Mine | |
169 | 20:39 | Liberator | |
179 | 20:46 | Marine, Viking | |
179 | 20:49 | SCV, Ghost | |
186 | 20:50 | Marauder | |
186 | 20:51 | Marauder | |
186 | 20:52 | Viking | |
186 | 20:54 | Cyclone | |
186 | 20:56 | Missile Turret | |
191 | 20:58 | Siege Tank | |
191 | 20:59 | SCV x3 | |
191 | 21:01 | SCV x2 | |
191 | 21:02 | SCV | |
191 | 21:03 | SCV | |
191 | 21:04 | Marine | |
182 | 21:07 | Missile Turret | |
182 | 21:08 | Hellion | |
182 | 21:11 | SCV, Marine, Marauder | |
188 | 21:13 | Marauder | |
188 | 21:16 | Liberator | |
195 | 21:18 | Marauder | |
195 | 21:20 | SCV | |
195 | 21:22 | Liberator x2 | |
197 | 21:30 | SCV x2 | |
197 | 21:31 | SCV | |
197 | 21:32 | SCV | |
197 | 21:33 | SCV, Marauder | |
197 | 21:35 | SCV | |
197 | 21:37 | Marine | |
197 | 21:38 | Marauder | |
196 | 21:41 | Marauder | |
196 | 21:42 | SCV | |
196 | 21:44 | SCV | |
196 | 21:45 | SCV | |
196 | 21:46 | SCV | |
194 | 21:48 | SCV, Marine | |
194 | 21:49 | SCV, Marine, Command Center | |
194 | 21:50 | Hellion | |
194 | 21:52 | Siege Tank | |
191 | 21:54 | Marauder | |
191 | 21:55 | Marine | |
191 | 21:57 | Siege Tank | |
191 | 21:59 | Hellion, Viking, Marauder | |
191 | 22:03 | Marauder | |
191 | 22:04 | Liberator | |
191 | 22:05 | Liberator | |
191 | 22:06 | Marine | |
191 | 22:07 | Marine | |
193 | 22:12 | Marine | |
192 | 22:15 | Marauder | |
192 | 22:19 | Command Center | |
192 | 22:20 | Marauder | |
189 | 22:24 | Marine, Marauder | |
189 | 22:29 | Raven | |
196 | 22:37 | Marauder | |
196 | 22:42 | Marauder | |
196 | 22:43 | SCV | |
193 | 22:45 | Marauder | |
193 | 22:46 | SCV, Hellion | |
193 | 22:47 | Viking | |
193 | 22:48 | Liberator | |
193 | 22:49 | SCV, Marine x2 | |
193 | 22:50 | Marine | |
193 | 22:51 | Hellion x2 | |
175 | 22:53 | SCV, Hellion | |
175 | 22:57 | SCV | |
150 | 22:58 | Marauder | |
150 | 23:03 | Liberator, Marauder | |
136 | 23:06 | Marine | |
136 | 23:07 | SCV, Marine x3 | |
136 | 23:08 | Cyclone | |
136 | 23:09 | SCV | |
136 | 23:12 | Siege Tank x2, SCV x2 | |
136 | 23:14 | Thor | |
136 | 23:15 | SCV | |
136 | 23:17 | Liberator | |
136 | 23:19 | Marauder | |
136 | 23:24 | Ghost | |
136 | 23:25 | Marine, Marauder | |
136 | 23:26 | Marine x2 | |
135 | 23:29 | SCV | |
135 | 23:30 | Liberator | |
135 | 23:31 | Planetary Fortress | |
135 | 23:32 | SCV | |
135 | 23:33 | SCV | |
119 | 23:39 | SCV | |
119 | 23:40 | SCV, Hellion, Marine | |
118 | 23:42 | Marine | |
118 | 23:44 | Siege Tank x2, Marine | |
118 | 23:45 | Marine | |
118 | 23:46 | Battlecruiser, Marine | |
121 | 23:53 | Marauder | |
117 | 23:55 | SCV | |
117 | 23:56 | SCV x2 | |
117 | 23:57 | SCV x2, Thor | |
117 | 23:59 | Marauder | |
117 | 24:00 | Medivac, Marine | |
117 | 24:01 | Cyclone, Marine | |
115 | 24:04 | Marine, Marauder | |
115 | 24:07 | SCV | |
115 | 24:08 | SCV x2 | |
115 | 24:09 | SCV x2 | |
115 | 24:13 | Liberator | |
115 | 24:14 | Marauder | |
115 | 24:17 | Siege Tank | |
115 | 24:18 | Marine | |
115 | 24:19 | SCV, Marine | |
115 | 24:20 | SCV, Marauder | |
115 | 24:21 | SCV x2 | |
115 | 24:22 | Marine | |
115 | 24:23 | SCV | |
108 | 24:25 | Marine | |
108 | 24:30 | Medivac | |
102 | 24:32 | SCV x2 | |
102 | 24:33 | SCV x2, Hellion | |
102 | 24:35 | SCV, Marine | |
102 | 24:36 | Marine | |
102 | 24:37 | Marine | |
104 | 24:39 | Marine | |
104 | 24:40 | Siege Tank | |
104 | 24:41 | Ghost | |
104 | 24:43 | Marauder | |
104 | 24:44 | SCV x2 | |
104 | 24:45 | SCV | |
112 | 24:46 | SCV | |
112 | 24:47 | SCV | |
112 | 24:48 | Thor | |
112 | 24:50 | Raven | |
115 | 24:54 | Cyclone, Marine, Marauder | |
115 | 24:55 | Marine | |
115 | 24:56 | SCV, Viking | |
115 | 24:57 | Marine | |
115 | 24:58 | Missile Turret | |
115 | 24:59 | SCV | |
120 | 25:00 | Liberator | |
120 | 25:04 | Ghost | |
113 | 25:09 | Marine | |
113 | 25:10 | Command Center | |
113 | 25:11 | Marine | |
113 | 25:12 | Thor | |
113 | 25:13 | SCV, Marine | |
109 | 25:14 | SCV | |
109 | 25:15 | Marine, Marauder | |
109 | 25:16 | SCV | |
109 | 25:17 | SCV | |
109 | 25:19 | Missile Turret | |
105 | 25:22 | Missile Turret | |
105 | 25:24 | Battlecruiser | |
105 | 25:26 | SCV x2, Viking | |
105 | 25:27 | Widow Mine | |
105 | 25:28 | SCV, Marauder | |
113 | 25:29 | Marine | |
113 | 25:30 | SCV | |
113 | 25:31 | Siege Tank | |
113 | 25:32 | Marine x2 | |
113 | 25:33 | Marine | |
113 | 25:34 | Nuke | |
108 | 25:36 | Marauder | |
108 | 25:38 | SCV x2 | |
108 | 25:40 | SCV | |
108 | 25:42 | SCV | |
106 | 25:43 | Viking | |
106 | 25:47 | Marine | |
106 | 25:48 | Factory, Widow Mine | |
106 | 25:49 | Marauder | |
104 | 25:50 | SCV, Marine x2 | |
104 | 25:51 | Marine | |
104 | 25:53 | SCV | |
104 | 25:54 | SCV | |
104 | 25:55 | Widow Mine | |
104 | 25:56 | Medivac | |
103 | 25:58 | Marauder | |
103 | 26:01 | Supply Depot | |
103 | 26:02 | SCV | |
101 | 26:04 | Widow Mine | |
101 | 26:05 | SCV, Marine | |
101 | 26:06 | SCV | |
101 | 26:08 | Ghost | |
101 | 26:09 | Marine | |
101 | 26:10 | Marine, Factory Tech Lab | |
101 | 26:11 | Marauder | |
93 | 26:13 | Liberator | |
93 | 26:14 | SCV | |
93 | 26:16 | Thor | |
93 | 26:17 | SCV | |
96 | 26:18 | SCV | |
96 | 26:19 | Marauder | |
96 | 26:23 | Marine | |
96 | 26:25 | Widow Mine | |
97 | 26:26 | Viking | |
97 | 26:27 | Marine x2 | |
97 | 26:29 | SCV x2, Starport Tech Lab | |
97 | 26:30 | SCV, Thor | |
97 | 26:32 | Widow Mine, Marauder | |
110 | 26:36 | Ghost | |
110 | 26:39 | Command Center | |
112 | 26:40 | Marine | |
112 | 26:41 | SCV | |
112 | 26:42 | Marine | |
112 | 26:43 | SCV x2 | |
112 | 26:45 | Supply Depot, Marine | |
112 | 26:46 | Marine | |
107 | 26:47 | Factory Tech Lab | |
107 | 26:48 | Viking | |
107 | 26:53 | SCV, Marine, Widow Mine | |
104 | 26:56 | Medivac x2 | |
104 | 26:58 | SCV, Marauder | |
104 | 26:59 | Siege Tank | |
104 | 27:00 | Marine | |
111 | 27:02 | Marine | |
111 | 27:04 | Marine | |
111 | 27:06 | Siege Tank, Marauder | |
106 | 27:10 | Supply Depot | |
106 | 27:13 | Siege Tank | |
106 | 27:14 | Cyclone | |
111 | 27:18 | Marine, Viking | |
111 | 27:20 | Marine, Marauder | |
110 | 27:24 | Marine | |
106 | 27:31 | Thor | |
106 | 27:34 | Supply Depot | |
106 | 27:36 | Marine | |
107 | 27:38 | Marine, Widow Mine | |
107 | 27:41 | Marine, Marauder | |
107 | 27:44 | Armory | |
110 | 27:45 | Cyclone | |
110 | 27:47 | Hellion | |
110 | 27:48 | Viking | |
109 | 27:53 | Marine, Orbital Command, Barracks | |
109 | 27:56 | Supply Depot | |
109 | 27:57 | Barracks Tech Lab | |
107 | 27:59 | Marine | |
107 | 28:00 | Factory Tech Lab | |
107 | 28:03 | Factory Tech Lab | |
98 | 28:06 | Factory | |
98 | 28:09 | Starport | |
98 | 28:11 | Marine, Factory Tech Lab | |
97 | 28:17 | Cyclone, Marine | |
97 | 28:19 | Starport Tech Lab | |
98 | 28:21 | Supply Depot | |
96 | 28:29 | Marine | |
96 | 28:30 | Cyclone | |
97 | 28:39 | Marine | |
97 | 28:40 | Barracks | |
98 | 28:46 | Liberator | |
98 | 28:47 | Supply Depot | |
101 | 28:48 | Starport | |
101 | 28:49 | Widow Mine | |
101 | 28:51 | Hellion | |
101 | 28:53 | Factory | |
103 | 28:58 | Barracks Tech Lab | |
103 | 29:02 | Hellion | |
101 | 29:03 | Engineering Bay | |
101 | 29:06 | Armory | |
96 | 29:12 | Supply Depot | |
96 | 29:13 | Factory Tech Lab | |